 Dungeon Crawl Stone Soup version 0.19-a0-1905-ge8b2aad (webtiles) character file.

5740 Naow the Basher (level 10, -21/166 HPs)
             Began as an Ogre Fighter on Oct 21, 2016.
             Was a Believer of the Shining One.
             Demolished by a white ugly thing (27 damage)
             ... on level 9 of the Dungeon.
             The game lasted 00:16:46 (8636 turns).

Naow the Basher (Ogre Fighter)                      Turns: 8636, Time: 00:16:47

Health: -21/166    AC: 25    Str: 26    XL:     10   Next: 77%
Magic:  11/11      EV:  1    Int:  7    God:    the Shining One [**....]
Gold:   515        SH:  9    Dex:  9    Spells: 0 memorised, 9 levels left

rFire  . . .     SeeInvis .     P - +1 mace (protect)
rCold  . . .     Gourm    .     (armour currently unavailable)
rNeg   + + +     Faith    .     c - +0 shield
rPois  +         Spirit   .     (helmet currently unavailable)
rElec  .         Reflect  .     (cloak currently unavailable)
rCorr  +         Harm     .     (gloves unavailable)
MR     +....     NoTele   +     (boots unavailable)
Stlth  +.........               (no amulet)
                                G - ring of flight
                                p - ring of resist corrosion

@: tree-form, glowing
A: unfitting armour, (tough skin 0)
a: Divine Shield, Renounce Religion


You were on level 9 of the Dungeon.
You worshipped the Shining One.
The Shining One was pleased with you.
You were not hungry.
You were a tree.
You visited 2 branches of the dungeon, and saw 12 of its levels.

You collected 515 gold pieces.

Inventory:

Hand Weapons
 a - a +0 flail
 y - a +0 giant club
 M - a +4 dire flail
 P - a +1 mace of protection (weapon)
Armour
 b - a +0 robe
 c - a +0 shield (worn)
 n - +1 swamp dragon scales (melded)
Jewellery
 e - an uncursed ring of magical power
 i - an uncursed ring of stealth
 p - a ring of resist corrosion (left branch)
 w - an uncursed ring of stealth
 x - an uncursed ring of poison resistance
 C - an uncursed ring of poison resistance
 E - an uncursed ring of magical power
 G - a ring of flight (right branch)
 Y - an uncursed amulet of magic regeneration {unknown}
Wands
 F - a wand of slowing (16/48)
 K - a wand of slowing (30/48)
 Q - a wand of confusion (19/48)
 S - a wand of polymorph (16/24)
 X - a wand of disintegration (2/24)
Scrolls
 h - 3 scrolls of immolation
 k - 4 scrolls of enchant armour
 l - a scroll of enchant weapon {unknown}
 m - 2 scrolls of remove curse
 q - a scroll of noise {unknown}
 t - 2 scrolls of fog {unknown}
 u - 2 scrolls of recharging {unknown}
 H - 5 scrolls of teleportation {unknown}
 J - a scroll of vulnerability {unknown}
 L - a scroll of random uselessness {unknown}
 T - 2 scrolls of identify
 U - a scroll of blinking {unknown}
Potions
 d - a potion of might
 o - 2 potions of agility
 r - 2 potions of degeneration
 s - a potion of invisibility {unknown}
 v - a potion of brilliance {unknown}
 z - 2 potions of ambrosia
 B - a potion of curing {unknown}
 D - a potion of lignification
 R - a potion of magic {unknown}
Books
 A - a book of Callings

   Spells                             Type                      Level
   a - Summon Small Mammal            Summoning                    1
   b - Call Imp                       Summoning                    2
   c - Call Canine Familiar           Summoning                    3
   d - Summon Guardian Golem          Hexes/Summoning              3
   e - Summon Lightning Spire         Summoning/Air                4
   f - Summon Ice Beast               Ice/Summoning                4
 N - a book of Misfortune

   Spells                             Type                      Level
   a - Confusing Touch                Hexes                        1
   b - Confuse                        Hexes                        3
   c - Gell's Gravitas                Hexes/Translocation          3
   d - Petrify                        Transmutation/Earth          4
   e - Metabolic Englaciation         Hexes/Ice                    5
   f - Yara's Violent Unravelling     Hexes/Transmutation          5
 V - a book of Minor Magic

   Spells                             Type                      Level
   a - Magic Dart                     Conjuration                  1
   b - Blink                          Translocation                2
   c - Call Imp                       Summoning                    2
   d - Repel Missiles                 Charms/Air                   2
   e - Slow                           Hexes                        2
   f - Conjure Flame                  Conjuration/Fire             3
   g - Mephitic Cloud                 Conjuration/Poison/Air       3
Comestibles
 f - 6 bread rations
 g - 7 fruits
 j - 5 meat rations
 I - 3 beef jerkies
 W - 9 royal jellies


   Skills:
 + Level 10.8 Fighting
 * Level 14.1 Maces & Flails
 - Level 5.7 Armour
 - Level 2.6 Dodging
 + Level 4.0 Shields
 + Level 2.0 Invocations


You had 9 spell levels left.
You didn't know any spells.

Dungeon Overview and Level Annotations

Branches:
Dungeon (11/15)            Temple (1/1) D:7            Lair (0/6) D:10
    Orc (0/2) D:9

Altars:
Ashenzari
Cheibriados
Dithmenos
Elyvilon
Fedhas
Gozag
Hepliaklqana
Kikubaaqudgha
Makhleb
Nemelex Xobeh
Okawaru
Qazlal
Sif Muna
Trog
Uskayaw
Vehumet
Xom
Yredelemnul
Zin
The Shining One

Shops:
D:4 *   D:6 !*   D:10 }

Annotations:
D:4 Menkaure
D:11 Erolcha


Innate Abilities, Weirdness & Mutations

You are too large for most types of armour.
((You have tough skin. (AC +1)))


Message History

You sock the white ugly thing!
The white ugly thing is moderately wounded.
The white ugly thing bites you but does no damage.
You hit the white ugly thing.
The white ugly thing is heavily wounded.
The white ugly thing bites you! The white ugly thing freezes you!!
You hit the white ugly thing.
The white ugly thing is heavily wounded.
The white ugly thing bites you! The white ugly thing freezes you!!
* * * LOW HITPOINT WARNING * * *
You are too injured to fight recklessly!
You feel much better. The white ugly thing bites you.
The white ugly thing freezes you!!
* * * LOW HITPOINT WARNING * * *
You turn into a tree.
Your +1 swamp dragon scales melds into your body.
Your roots penetrate the ground.
The white ugly thing bites you!
* * * LOW HITPOINT WARNING * * *
The white ugly thing freezes you!!
You die...

########..# #.# #.#
#.##.#
#.........###.#####.#
#.##.#
####.#######...........#
#.##.## <....#
#####.####### #....#.
###### #.# #......
#.######## ##.###.
####......... #.# ##
#....#######. #(# #
####♣###### #.####
#.u...C# #.#...
#...........# #.#>##
#.######.....#..#.# #.
####.#.##.# . # #.# #.
#.# # #.# ..#


You could see a white ugly thing and a cyclops.

Vanquished Creatures
  The ghost of Naow the Basher, a novice OgFi (D:5)
  Grinder (D:6)
  7 yaks
  2 hungry ghosts
  A warg (D:9)
  2 orc warriors
  2 ice beasts
  A phantom (D:9)
  A sky beast (D:6)
  3 ogres
  3 centaurs
  A big kobold (D:9)
  3 bullfrogs
  7 scorpions
  6 killer bees (D:7)
  A wyvern skeleton (D:8)
  9 wights (D:7)
  A howler monkey (D:4)
  2 crimson imps (D:5)
  A bullfrog zombie (D:6)
  2 gnoll shamans (D:10)
  5 hounds
  5 jellies
  11 orc wizards
  A centaur skeleton (D:4)
  2 orc priests
  A bullfrog skeleton (D:4)
  Natasha (thrice) (D:3)
  3 worker ants
  2 worker ant zombies
  7 gnolls (D:10)
  13 adders
  2 shadow imps
  8 oozes
  An adder skeleton (D:5)
  5 worms
  A dart slug (D:1)
  3 leopard geckos
  25 orcs
  4 giant cockroaches
  7 goblins
  3 hobgoblins (D:3)
  14 jackals
  10 kobolds
  5 quokkas
  2 ball pythons
  10 bats
  4 frilled lizards
  A jackal zombie (D:9)
  A leopard gecko skeleton (D:6)
  2 quokka skeletons (D:7)
  9 rats
  A fungus (D:1)
228 creatures vanquished.

Vanquished Creatures (others)
  A human (D:2)
1 creature vanquished.

Grand Total: 229 creatures vanquished

Notes
Turn   | Place    | Note
-------+----------+-------------------------------------------
     0 | D:1      | Naow the Ogre Fighter began the quest for the Orb.
     0 | D:1      | Reached XP level 1. HP: 24/24 MP: 1/1
   117 | D:1      | Reached skill level 3 in Maces & Flails
   245 | D:1      | Reached XP level 2. HP: 26/32 MP: 2/2
  1117 | D:1      | Reached XP level 3. HP: 40/40 MP: 3/3
  1367 | D:2      | Reached skill level 4 in Maces & Flails
  1478 | D:2      | Found a hide-covered altar of Uskayaw.
  1555 | D:2      | Reached skill level 1 in Armour
  1637 | D:2      | Reached XP level 4. HP: 41/49 MP: 4/4
  1662 | D:2      | Found an iron altar of Okawaru.
  1673 | D:2      | Found an ancient bone altar of Kikubaaqudgha.
  1674 | D:2      | Noticed a human
  1677 | D:2      | Killed a human
  1696 | D:2      | Found a white marble altar of Elyvilon.
  1696 | D:2      | Found a faded altar of an unknown god.
  1701 | D:2      | Found a faded altar of an unknown god.
  1703 | D:2      | Found a faded altar of an unknown god.
  1704 | D:2      | Found a faded altar of an unknown god.
  2150 | D:3      | Noticed Natasha
  2158 | D:3      | Killed Natasha
  2158 | D:3      | Reached skill level 5 in Fighting
  2158 | D:3      | Reached skill level 5 in Maces & Flails
  2158 | D:3      | Reached XP level 5. HP: 51/57 MP: 5/5
  2176 | D:3      | Noticed Natasha
  2185 | D:3      | Killed Natasha
  2369 | D:3      | You fall through a shaft for 3 floors!
  2372 | D:6      | Found Cohetiq's Distillery.
  2404 | D:6      | Noticed an ogre
  2411 | D:6      | Killed an ogre
  2411 | D:6      | Reached skill level 6 in Maces & Flails
  2411 | D:6      | Reached XP level 6. HP: 44/66 MP: 6/6
  2514 | D:5      | Entered Level 5 of the Dungeon
  2514 | D:5      | Noticed Naow's ghost (novice OgFi)
  2590 | D:6      | Found Reyxzy's Assorted Antiques.
  2653 | D:6      | Noticed a sky beast
  2664 | D:6      | Killed a sky beast
  2695 | D:6      | Found an iron altar of Okawaru.
  2884 | D:6      | Reached skill level 7 in Maces & Flails
  2884 | D:6      | Reached XP level 7. HP: 75/75 MP: 7/7
  2887 | D:6      | Noticed Grinder
  2892 | D:6      | Paralysed by Grinder for 3 turns
  2897 | D:6      | Paralysed by Grinder for 3 turns
  2905 | D:6      | Paralysed by Grinder for 4 turns
  2928 | D:6      | Killed Grinder
  3022 | D:5      | Reached skill level 8 in Maces & Flails
  3243 | D:3      | Noticed Natasha
  3251 | D:3      | Killed Natasha
  3749 | D:4      | Reached XP level 8. HP: 72/84 MP: 8/8
  3832 | D:4      | Reached skill level 9 in Maces & Flails
  3877 | D:4      | Found Paravolum's Practical Paraphernalia.
  3894 | D:4      | Noticed Menkaure
  4271 | D:5      | Found a hazy altar of Hepliaklqana.
  4292 | D:5      | Killed Naow's ghost
  4292 | D:5      | Reached skill level 10 in Maces & Flails
  4368 | D:5      | Found a blossoming altar of Fedhas.
  4592 | D:5      | Reached XP level 9. HP: 86/96 MP: 9/9
  4798 | D:5      | Found a stormy altar of Qazlal.
  4798 | D:5      | Found a burning altar of Makhleb.
  4945 | D:7      | Reached skill level 11 in Maces & Flails
  5253 | D:7      | Found a staircase to the Ecumenical Temple.
  5270 | Temple   | Entered the Ecumenical Temple
  5279 | Temple   | Became a worshipper of the Shining One
  5575 | D:7      | Reached skill level 5 in Armour
  6361 | D:7      | Reached skill level 12 in Maces & Flails
  6401 | D:7      | Paralysed by fainting for 5 turns
  6465 | D:7      | Reached * piety under the Shining One
  6665 | D:8      | Found an opulent altar of Gozag.
  6714 | D:8      | Reached XP level 10. HP: 14/110 MP: 10/10
  7091 | D:8      | Reached skill level 10 in Fighting
  7145 | D:8      | You fall through a shaft for 3 floors!
  7150 | D:11     | Noticed Erolcha
  7156 | D:11     | Paralysed by Erolcha for 5 turns
  7161 | D:10     | Entered Level 10 of the Dungeon
  7184 | D:10     | Reached skill level 13 in Maces & Flails
  7439 | D:10     | Found Atsaqunn's Gadget Shop.
  8008 | D:10     | Found a staircase to the Lair.
  8057 | D:9      | Reached ** piety under the Shining One
  8106 | D:9      | Reached skill level 14 in Maces & Flails
  8117 | D:9      | Reached skill level 1 in Invocations
  8125 | D:9      | Found a staircase to the Orcish Mines.
  8621 | D:9      | Noticed a white ugly thing
  8629 | D:9      | Noticed a cyclops
  8636 | D:9      | HP: 6/166 [white ugly thing (9)]
  8636 | D:9      | Demolished by a white ugly thing

Vault maps used:
D:1:      dpeg_arrival_oval, minmay_misc_feat_secret_circle,
          minmay_gold_behind_fungi
D:2:      chequers_temple_overflow_minitemple, overflow_temple_1_default,
          nicolae_overflow_crystal_walls, tgw_kikubaaqudgha
D:3:      uniq_natasha
D:4:      nicolae_alphabet_shops, led_sif_pool, uniq_menkaure
D:5:      kennysheep_mini_moat, old_standard_altar,
          gammafunk_temple_overflow_elements, first_bread
D:6:      serial_shops, shop, shop_fountains, kennysheep_okawaru_gauntlet,
          uniq_grinder
D:8:      lemuel_coloured_pillars_altar
D:9:      minmay_sliced_demisemicircle, lemuel_round_altar, david_orc_3,
          kennysheep_generic_room_8
D:10:     minmay_lair_entry_lava, serial_shops, shop_fountains,
          serial_gnoll_camp, gnoll_camp_mini_basic, gnoll_camp_mini_doghouse,
          gnoll_camp_mini_basic, gnoll_camp_mini_hut,
          hangedman_little_slice_of_home
D:11:     minmay_bloctagon_deflated, uniq_psyche, uniq_erolcha
Temple:   nicolae_temple_x_marks_the_god

Skill      XL: |  1  2  3  4  5  6  7  8  9 10 |
---------------+-------------------------------+-----
Maces & Flails | 3 4 5 6 7 8 10 12 14 | 14.1
Armour         | 1 2 3 4 5 |  5.7
Fighting       | 5 6 8 9 10 | 10.8
Shields        | 4 |  4.0
Invocations    | 2 |  2.0
Dodging        | |  2.6

Action                   |  1- 3 |  4- 6 |  7- 9 | 10-12 || total
-------------------------+-------+-------+-------+-------++-------
Melee: Flail             |   131 |   119 |   447 |       ||   697
       Mace              |       |       |     6 |   253 ||   259
Invok: Divine Shield     |       |       |       |     1 ||     1
Evoke: Wand              |       |       |     2 |       ||     2
  Use: Potion            |       |       |     2 |     4 ||     6
       Scroll            |       |       |       |     8 ||     8
  Eat: Chunk             |     2 |     5 |    15 |     6 ||    28
       Royal jelly       |       |       |       |     1 ||     1
Armor: Robe              |    21 |       |       |       ||    21
       Swamp dragon scal |    28 |    46 |   162 |    88 ||   324
       Skin              |       |       |       |    37 ||    37
Dodge: Dodged            |    43 |    41 |    96 |    59 ||   239
Block: Shield            |    55 |    55 |   174 |   119 ||   403
